 Dungeon Crawl Stone Soup version 0.31.0-9-g3a7656b989 (webtiles) character file.

Game seed: 6924348184146680160

50 qw the Shooter (level 3, 0/20 HPs)
             Began as a Deep Elf Hunter on Feb 2, 2024.
             Slain by a gnoll
             ... wielding a +0 spear
              (2 damage)
             ... on level 2 of the Dungeon.
             The game lasted 00:00:06 (1616 turns).

qw the Shooter (Deep Elf Hunter)                    Turns: 1616, Time: 00:00:07

Health: 0/20       AC:  5    Str: 10    XL:     3   Next: 55%
Magic:  5/5        EV: 11    Int: 13    God:
Gold:   79         SH:  0    Dex: 18    Spells: 2/2 levels left

rFire   . . .        a - +0 shortbow
rCold   . . .        (shield currently unavailable)
rNeg    . . .        h - +0 ring mail
rPois   .            (no helmet)
rElec   .            (no cloak)
rCorr   .            (no gloves)
SInv    .            (no boots)
Will    .....        (no amulet)
Stlth   +            g - +4 ring of slaying {mikee}
HPRegen 0.23/turn    (no ring)
MPRegen 0.09/turn

%: no passive effects
@: brilliant
A: no striking features
a: no special abilities


You were on level 2 of the Dungeon.
You visited 1 branch of the dungeon, and saw 3 of its levels.

You collected 79 gold pieces.


   Skills:
 - Level 1.5 Fighting
 + Level 7.1 Ranged Weapons
 - Level 2.4 Dodging
 - Level 1.2 Stealth


You had 2 spell levels left.
You didn't know any spells.
Your spell library was empty.

Inventory:

Hand Weapons
 a - a +0 shortbow (weapon)
Armour
 h - a +0 ring mail (worn)
Jewellery
 g - a +4 ring of slaying (left hand) {mikee}
Potions
 d - 3 potions of curing

Dungeon Overview and Level Annotations

Branches:
Dungeon (3/15)

Altars:


Message History

There is a stone staircase leading up here.
There are monsters nearby!
Waypoint 2 assigned to D:3.
1603 ||| STAIRDANCE The gnoll shouts!
The rat squeaks loudly.
The gnoll shouts!
You hear a shout!
The adder hisses angrily.
You hear a bark! x2
The gnoll completely misses you. The gnoll closely misses you.
The gnoll hits you with a +0 spear.
You climb upwards.
There is a stone staircase leading down here.
You start resting.
HP restored.
You climb downwards.
The gnoll shouts!
The adder bites you but does no damage. The rat barely misses you.
The gnoll closely misses you. The gnoll hits you with a +0 spear!
The adder barely misses you.
There is a stone staircase leading up here.
1612 ||| STAIRDANCE The gnoll barely misses you.
The rat bites you. The adder misses you. The gnoll closely misses you.
You climb upwards.
There is a stone staircase leading down here.
Enter note:
Enter note:
Enter note:
Enter note: You shoot an arrow.
The arrow hits the gnoll.
The gnoll is lightly wounded.
The adder bites you.
The gnoll hits you from afar with a +0 spear.
The gnoll hits you with a +0 spear.
You shoot an arrow. The arrow barely misses the gnoll.
The adder bites you. The gnoll closely misses you. The gnoll barely misses you.
The adder closely misses you.
You shoot an arrow. The arrow hits the gnoll!
The gnoll is almost dead.
The gnoll barely misses you.
The gnoll hits you from afar with a +0 spear.
You die...

#.##### #####.###
##...## #.#
#.......# ##+##
#.# #.###.#.# #.#
#.# #.#
#.#.######.# #.#
#.# #........#.##
#.# #.#
###.####....##
#.# #.# #.#
#.....#### ##.#
#.#####g#
#........# ...#
#..rS@g.#
###.####.## ####
######### #.#
#... #.# #### #.#
#.# #.# #.# ###
##### #.# ##.##
########...####.#


You could see 2 gnolls, an adder and a rat.

Vanquished Creatures
  An adder (D:2)
  A ribbon worm (D:2)
  6 bats
  4 endoplasms
  3 goblins
  4 hobgoblins
  2 jackals (D:1)
  2 quokkas
  2 ball pythons (D:2)
  2 frilled lizards (D:1)
  4 kobolds
  3 rats (D:1)
34 creatures vanquished.

Notes
Turn   | Place    | Note
-------+----------+-------------------------------------------
     0 | D:1      | qw the Deep Elf Hunter began the quest for the Orb.
     0 | D:1      | Reached XP level 1. HP: 12/12 MP: 3/3
     0 | D:1      | 0 ||| qw: Version: 0.3-a-155-g5e7d8dd
     0 | D:1      | 0 ||| qw: Game counter: 785
     0 | D:1      | 0 ||| qw: Melee chars always use a shield: true
     0 | D:1      | 0 ||| qw: God list: Okawaru
     0 | D:1      | 0 ||| qw: Allow faded altars: false
     0 | D:1      | 0 ||| qw: Do Orc after clearing Dungeon:15 true
     0 | D:1      | 0 ||| qw: Do second Lair branch before Depths: true
     0 | D:1      | 0 ||| qw: Lair rune preference: random
     0 | D:1      | 0 ||| qw: Goals: Normal
     0 | D:1      | 0 ||| PLANNING D:1-11
   224 | D:1      | Reached XP level 2. HP: 16/16 MP: 4/4
   245 | D:1      | Reached skill level 6 in Ranged Weapons
   597 | D:1      | 597 ||| UPGRADING to +0 ring mail.
   607 | D:1      | 607 ||| DROPPING +0 leather armour.
   608 | D:1      | 608 ||| UPGRADING to +4 ring of slaying {mikee}.
   609 | D:1      | 609 ||| READING 2 scrolls labelled UTANIBRIDEAKH.
   609 | D:1      | 609 ||| IDENTIFYING glowing yellow potion
   610 | D:1      | 610 ||| READING scroll of identify.
   610 | D:1      | 610 ||| IDENTIFYING 3 black potions
   611 | D:1      | 611 ||| READING scroll labelled TOIKHL XIENN.
   612 | D:1      | 612 ||| READING scroll labelled OLUCUIQ CIQYFO.
   616 | D:1      | 616 ||| DROPPING scroll of butterflies.
   617 | D:1      | 617 ||| DROPPING potion of magic.
   689 | D:2      | Reached XP level 3. HP: 20/20 MP: 5/5
  1061 | D:2      | Reached skill level 7 in Ranged Weapons
  1552 | D:2      | 1552 ||| READING scroll of identify.
  1552 | D:2      | 1552 ||| IDENTIFYING puce potion
  1553 | D:2      | 1553 ||| READING scroll labelled SABELOD OC GANG.
  1554 | D:2      | 1554 ||| READING scroll labelled WOSHYX BALYNT.
  1555 | D:2      | 1555 ||| READING scroll labelled KAUXYO NEIGE.
  1556 | D:2      | 1556 ||| DRINKING 2 silvery potions.
  1557 | D:2      | 1557 ||| DROPPING potion of attraction.
  1558 | D:2      | 1558 ||| DROPPING potion of brilliance.
  1603 | D:3      | 1603 ||| STAIRDANCE
  1612 | D:3      | 1612 ||| STAIRDANCE
  1614 | D:2      | HP: 4/20 [gnoll/+0 spear (5)]
  1616 | D:2      | Slain by a gnoll

Levels and vault maps discovered:
D:1:      saegor_arrival_under_anarchy, layout_basic, chequers_arboretum,
          amethyst_killhole
D:2:      layout_loops_corners, nrook_loot_triangle,
          dreamdust_mushroom_princess, kennysheep_generic_room_10
D:3:      layout_rooms, mainiacjoe_overflow_alcove_4,
          nicolae_tso_besieged_by_evil, nicolae_ecumenical_lake_church,
          grunt_ministairs_15

Skill      XL: |  1  2  3 |
---------------+----------+-----
Ranged Weapons | 6 7 |  7.1
Fighting       | |  1.5
Dodging        | |  2.4
Stealth        | |  1.2

Action                     || total
---------------------------++-------
   Fire: Shortbow          ||    87
    Use: Scroll            ||     8
         Potion            ||     1
 Armour: Leather armour    ||     7
         Ring mail         ||    12
  Dodge: Dodged            ||    24

Table legend:
 A = Non-vault XP
 B = Vault XP
 C = Vault XP percentage of total XP
 D = Non-vault monster count
 E = Vault monster count
 F = Vault count percentage of total count
                 A         B        C        D         E       F
            +---------+---------+-------+---------+---------+-------
      Total |      70 |       2 |   2.8 |      33 |       1 |   2.9
            +---------+---------+-------+---------+---------+-------
        D:1 |      29 |       0 |   0.0 |      18 |       0 |   0.0
        D:2 |      41 |       2 |   4.7 |      15 |       1 |   6.2
            +---------+---------+-------+---------+---------+-------
